 Dungeon Crawl Stone Soup version 0.31-a0-161-gb58dd9be76 (webtiles) character file.

Game seed: 15309840470355751480

415 qw the Shooter (level 6, 0/39 HPs)
             Began as a Gargoyle Hunter on June 12, 2023.
             Slain by an iguana (4 damage)
             ... on level 4 of the Dungeon.
             The game lasted 00:01:02 (2496 turns).

qw the Shooter (Gargoyle Hunter)                    Turns: 2496, Time: 00:01:03

Health: 0/39       AC:  9    Str: 14    XL:     6   Next: 91%
Magic:  6/6        EV: 11    Int: 10    God:
Gold:   61         SH:  0    Dex: 15    Spells: 5/5 levels left

rFire   . . .        Y - +1 shortbow
rCold   . . .        (shield currently unavailable)
rNeg    + . .        a - +0 ring mail {rPois}
rPois   inf          (no helmet)
rElec   +            (no cloak)
rCorr   .            (no gloves)
SInv    .            (no boots)
Will    .....        (no amulet)
Stlth   +            (no ring)
HPRegen 0.26/turn    (no ring)
MPRegen 0.10/turn

%: no passive effects
@: no status effects
A: sickness immunity, AC +4, negative energy resistance 1, electricity
resistance, torment resistance 1, petrification resistance
a: no special abilities


You were on level 4 of the Dungeon.
You visited 1 branch of the dungeon, and saw 4 of its levels.

You collected 133 gold pieces.
You spent 72 gold pieces at shops.


Innate Abilities, Weirdness & Mutations

You are immune to sickness and miasma.
Your stone body is resilient. (AC +4)
You are immune to poison.
You resist negative energy. (rN+)
You are resistant to electric shocks. (rElec)
You are resistant to unholy torment.
You are immune to petrification.


   Skills:
 - Level 4.5 Fighting
 + Level 6.5 Ranged Weapons
 - Level 2.5 Armour
 - Level 1.5 Dodging
 - Level 1.1 Stealth


You had 5 spell levels left.
You didn't know any spells.
Your spell library was empty.

Inventory:

Hand Weapons
 Y - a +1 shortbow (weapon)
Armour
 a - a +0 ring mail of poison resistance (worn)
 c - a +3 leather armour of poison resistance
Scrolls
 b - a scroll of identify
Potions
 d - a potion of haste
 e - 2 potions of attraction
 f - a potion of degeneration {unknown}
 g - 4 potions of curing

Dungeon Overview and Level Annotations

Branches:
Dungeon (4/15)
 Temple: D:4-7

Altars:
Xom

Shops:
D:1 (   D:3 !


Message History

The hound bites you but does no damage. The hound barely misses you.
The iguana bites you. The dart slug launches a dart at you.
The slug dart hits you but does no damage.
You shoot an arrow. The arrow barely misses the iguana.
The hound bites you but does no damage. The iguana bites you!
The hound closely misses you.
You shoot an arrow.
The arrow hits the iguana but does no damage.
The iguana is severely wounded.
The hound bites you but does no damage. The iguana bites you!
The hound bites you but does no damage.
You shoot an arrow. The arrow barely misses the iguana.
The iguana misses you. The hound barely misses you.
The iguana barely misses you.
You shoot an arrow. The arrow hits the iguana.
The iguana is almost dead.
The hound bites you but does no damage. The hound bites you.
The iguana closely misses you.
You shoot an arrow. The arrow closely misses the iguana.
The hound bites you but does no damage. x2; The iguana barely misses you.
You shoot an arrow. The arrow hits the iguana.
The iguana is almost dead.
The hound bites you. The iguana closely misses you.
The hound barely misses you.
You shoot an arrow. The arrow barely misses the iguana.
The hound bites you but does no damage.
The iguana bites you but does no damage.
You shoot an arrow.
The arrow hits the iguana but does no damage.
The iguana is almost dead.
The hound bites you but does no damage. The iguana barely misses you.
The hound bites you.
You shoot an arrow.
The arrow hits the iguana but does no damage.
The iguana is almost dead.
The hound barely misses you. The iguana barely misses you.
The hound misses you. The iguana closely misses you.
You shoot an arrow. The arrow barely misses the iguana.
The hound bites you. The iguana bites you.
You die...

#...###.###.#.##.##.###
####.#......)....# #
#.#####.#.#### ####7
#.#.#####.#
##PP~#.#.......#
#~~~~7..########
##7PPS7..# ..~~~~~7l#
..~~~~~7@# ..~~P~~~h#
..~~~~~~)# ..~P~~~~w..
...~~~~~~~...
...~P~~~~7...o.
...7~P~P77.####
...P~~~P~ .# ..~~~~P~P


You could see an iguana, a hound and a dart slug.

Vanquished Creatures
  Eustachio (D:4)
  A phantom (D:2)
  A scorpion (D:3)
  Natasha (twice) (D:2)
  2 adders
  A worm (D:2)
  A dart slug (D:4)
  3 orcs (D:4)
  7 endoplasms
  4 giant cockroaches (D:1)
  9 goblins
  7 hobgoblins
  3 quokkas
  9 ball pythons
  2 bats
  5 frilled lizards
  3 kobolds
  5 rats
66 creatures vanquished.

Notes
Turn   | Place    | Note
-------+----------+-------------------------------------------
     0 | D:1      | qw the Gargoyle Hunter began the quest for the Orb.
     0 | D:1      | Reached XP level 1. HP: 12/12 MP: 1/1
     0 | D:1      | 0 ||| qw: Version: 0.2-a-29-gc1b59c4
     0 | D:1      | 0 ||| qw: Game counter: 4239
     0 | D:1      | 0 ||| qw: Always use a shield: true
     0 | D:1      | 0 ||| qw: God list: Okawaru
     0 | D:1      | 0 ||| qw: Allow faded altars: false
     0 | D:1      | 0 ||| qw: Do Orc after D:15 true
     0 | D:1      | 0 ||| qw: Do second Lair branch before Depths: true
     0 | D:1      | 0 ||| qw: Lair rune preference: random
     0 | D:1      | 0 ||| qw: Plans: Normal, Zot:1-4, Slime:5, God:TSO, Crypt,
                  | Tomb, Abyss, Pan, Hells, Win
     0 | D:1      | 0 ||| PLANNING D:1-11
    39 | D:1      | Found Simn's Weapon Emporium.
   114 | D:1      | Reached XP level 2. HP: 17/17 MP: 2/2
   161 | D:1      | 161 ||| READING scroll labelled JOTRUE DOXZOT.
   162 | D:1      | 162 ||| READING scroll labelled UTABAZX DANU.
   163 | D:1      | 163 ||| DROPPING scroll of butterflies.
   218 | D:1      | Found a faded altar of an unknown god.
   313 | D:1      | Reached XP level 3. HP: 21/21 MP: 3/3
   326 | D:1      | Reached skill level 5 in Ranged Weapons
   653 | D:1      | 653 ||| READING scroll labelled PIR KIGHAMUROU.
   654 | D:1      | 654 ||| READING scroll labelled IDAP RETSUEVIR.
   655 | D:1      | 655 ||| READING 2 scrolls of identify.
   655 | D:1      | 655 ||| IDENTIFYING ruby potion
   990 | D:2      | Noticed a phantom
   998 | D:2      | Found a shimmering altar of Xom.
  1009 | D:2      | Killed a phantom
  1010 | D:2      | Reached XP level 4. HP: 29/30 MP: 4/4
  1010 | D:2      | Reached XP level 5. HP: 33/34 MP: 5/5
  1076 | D:2      | Noticed Natasha
  1078 | D:2      | 1078 ||| Stepping ~*~*~tactically~*~*~ (outnumbered).
  1084 | D:2      | Killed Natasha
  1309 | D:2      | Noticed Natasha
  1320 | D:2      | Killed Natasha
  1444 | D:2      | 1444 ||| UPGRADING to +0 ring mail of poison resistance.
  1454 | D:2      | 1454 ||| DROPPING +0 leather armour.
  1455 | D:2      | 1455 ||| READING 2 scrolls of identify.
  1455 | D:2      | 1455 ||| IDENTIFYING metallic ruby potion
  1898 | D:3      | Reached XP level 6. HP: 38/39 MP: 6/6
  2073 | D:3      | Found Eqoutt's Distillery.
  2082 | D:3      | 2082 ||| BUYING potion of curing (36 gold).
  2082 | D:3      | Bought a potion of curing for 36 gold pieces
  2082 | D:3      | 2082 ||| BUYING potion of curing (36 gold).
  2082 | D:3      | Bought a potion of curing for 36 gold pieces
  2082 | D:3      | 2082 ||| SHOPLISTING potion of magic (96 gold, have 44).
  2082 | D:3      | 2082 ||| SHOPLISTING potion of mutation (96 gold, have 44).
  2082 | D:3      | 2082 ||| SHOPLISTING potion of resistance (120 gold, have
                  | 44).
  2286 | D:3      | 2286 ||| READING scroll labelled ESONKOCH LASE.
  2287 | D:3      | 2287 ||| READING scroll labelled VUYMYM AVIOD.
  2384 | D:4      | Noticed Eustachio
  2409 | D:4      | 2409 ||| FLEEEEING.
  2410 | D:4      | 2410 ||| FLEEEEING.
  2434 | D:4      | Killed Eustachio
  2435 | D:4      | Reached skill level 6 in Ranged Weapons
  2475 | D:4      | 2475 ||| Stepping ~*~*~tactically~*~*~ (water).
  2492 | D:4      | HP: 7/39 [hound (3)]
  2496 | D:4      | Slain by an iguana

Levels and vault maps discovered:
D:1:      dpeg_arrival_pond, layout_basic, dreamdust_ecumenical_altar_statues,
          serial_shops, nicolae_shop_bloodbath_and_beyond,
          minmay_splitting_lines, hex_medium, kennysheep_pointless_box,
          serial_bayou_lake_a
D:2:      layout_loops_ring, basic_altar, uniq_natasha
D:3:      layout_basic, serial_shops, nicolae_shop_industrial_runoff,
          minmay_misc_feat_more_columns
D:4:      layout_loops_cross, serial_bayou, serial_bayou_ford_a,
          serial_bayou_shore_b, serial_bayou_shore_a, serial_bayou_shore_b,
          uniq_ijyb, uniq_eustachio

Skill      XL: |  1  2  3  4  5  6 |
---------------+-------------------+-----
Ranged Weapons | 5 6 |  6.5
Fighting       | 4 |  4.5
Armour         | 2 |  2.5
Dodging        | |  1.5
Stealth        | |  1.1

Action                     |  1- 3 |  4- 6 || total
---------------------------+-------+-------++-------
   Fire: Shortbow          |   119 |   134 ||   253
    Use: Scroll            |     5 |     3 ||     8
 Armour: Leather armour    |    16 |     7 ||    23
         Ring mail         |       |    42 ||    42
  Dodge: Dodged            |    22 |    65 ||    87

Table legend:
 A = Non-vault XP
 B = Vault XP
 C = Vault XP percentage of total XP
 D = Non-vault monster count
 E = Vault monster count
 F = Vault count percentage of total count
                 A         B        C        D         E       F
            +---------+---------+-------+---------+---------+-------
      Total |     366 |     227 |  38.3 |      64 |       2 |   3.0
            +---------+---------+-------+---------+---------+-------
        D:1 |      45 |       0 |   0.0 |      26 |       0 |   0.0
        D:2 |     189 |      36 |  16.0 |      21 |       1 |   4.5
        D:3 |     106 |       0 |   0.0 |      12 |       0 |   0.0
        D:4 |      26 |     191 |  88.0 |       5 |       1 |  16.7
            +---------+---------+-------+---------+---------+-------
